 Dungeon Crawl Stone Soup version 0.23.2-40-g277498a001 (webtiles) character file.

Game seed: 8143802751085952389

115 H0rd4k the Charlatan (level 5, -2/37 HPs)
             Began as a Human Artificer on Aug 30, 2019.
             Slain by an orc wizard
             ... wielding a +0 dagger
              (4 damage)
             ... on level 3 of the Dungeon.
             The game lasted 00:02:11 (2652 turns).

H0rd4k the Charlatan (Human Artificer)              Turns: 2652, Time: 00:02:13

Health: -2/37      AC:  3    Str: 14    XL:     5   Next: 20%
Magic:  7/7        EV: 12    Int: 11    God:
Gold:   91         SH:  0    Dex: 13    Spells: 4/4 levels left

rFire    . . .     SeeInvis .   a - +0 short sword
rCold    . . .     Gourm    .   (no shield)
rNeg     . . .     Faith    .   b - +0 leather armour
rPois    .         Spirit   .   (no helmet)
rElec    .         Reflect  .   (no cloak)
rCorr    .         Harm     .   (no gloves)
MR       .....                  (no boots)
Stlth    +.........             (no amulet)
HPRegen  0.12/turn              (no ring)
MPRegen  0.10/turn              (no ring)

@: no status effects
A: no striking features
a: no special abilities


You were on level 3 of the Dungeon.
You were not hungry.

You visited 1 branch of the dungeon, and saw 3 of its levels.

You collected 91 gold pieces.

Inventory:

Hand Weapons
 a - a +0 short sword (weapon)
Armour
 b - a +0 leather armour (worn)
 s - a +0 helmet
Jewellery
 h - an uncursed amulet of guardian spirit {unknown}
 q - an uncursed ring of resist corrosion {unknown}
Wands
 c - a wand of flame (9)
 d - a wand of enslavement (15)
 e - a wand of random effects (7)
 n - a wand of iceblast (7)
Scrolls
 i - 3 scrolls of enchant armour {unknown}
 j - 4 scrolls of identify {unknown}
 l - 5 scrolls of magic mapping {unknown}
 p - a scroll of teleportation {unknown}
Potions
 g - a potion of experience {unknown}
 k - 2 potions of might {unknown}
 m - a potion of agility {unknown}
 o - a potion of degeneration {unknown}
Comestibles
 f - 7 rations


   Skills:
 + Level 1.3 Fighting
 + Level 2.4 Short Blades
 + Level 1.6 Armour
 + Level 2.6 Dodging
 + Level 1.3 Stealth
 + Level 3.8 Evocations


You had 4 spell levels left.
You didn't know any spells.
Your spell library was empty.

Dungeon Overview and Level Annotations

Branches:
Dungeon (3/15)

Altars:

Annotations:
D:2 exclusion: downstairs


Message History

You hit the orc wizard.
The orc wizard is moderately wounded.
The orc wizard hits the orc but does no damage.
The orc hits you with a +0 mace.
You hit the orc wizard but do no damage.
The orc wizard is moderately wounded.
You hit the orc.
The orc is heavily wounded.
The orc wizard closely misses you. The orc hits you with a +0 mace.
You hit the orc wizard but do no damage.
The orc wizard is moderately wounded.
The orc wizard barely misses you. The orc closely misses you.
The orc hits you with a +0 mace!
You strike the helpless orc wizard from behind!
You hit the orc wizard.
The orc wizard is severely wounded.
The orc hits you with a cursed +0 flail!
* * * LOW HITPOINT WARNING * * *
The orc wizard hits you with a +0 dagger.
You die...

#.#).#### #.#......
#.##.#### #.##.....
#
##########.##.....
##.#
##.(..............)
....
......####..######
#..##o#.#.####..#
#.oro@o.#.......#
#..##o#########.#
.... #.# #.# ####
#.#########.#
#...........#
#############


You could see an orc wizard (confused), 4 orcs and a rat.

Vanquished Creatures
  2 adders
  4 gnolls (D:3)
  A worm (D:3)
  2 dart slugs (D:1)
  2 leopard geckos
  A ball python (D:2)
  6 bats
  4 giant cockroaches (D:2)
  4 goblins
  8 hobgoblins
  A frilled lizard (D:2)
  6 kobolds
  12 rats
53 creatures vanquished.

Notes
Turn   | Place    | Note
-------+----------+-------------------------------------------
     0 | D:1      | H0rd4k the Human Artificer began the quest for the Orb.
     0 | D:1      | Reached XP level 1. HP: 15/15 MP: 3/3
   276 | D:1      | Reached XP level 2. HP: 19/21 MP: 4/4
   741 | D:2      | Reached XP level 3. HP: 10/26 MP: 5/5
  1374 | D:2      | Reached skill level 1 in Armour
  1417 | D:2      | Reached XP level 4. HP: 32/32 MP: 6/6
  2357 | D:3      | Reached XP level 5. HP: 14/37 MP: 7/7
  2652 | D:3      | Slain by an orc wizard

Skill      XL: |  1  2  3 |
---------------+----------+-----
Short Blades   | 2 |  2.4
Armour         | 1 |  1.6
Fighting       | |  1.3
Dodging        | |  2.6
Stealth        | |  1.3
Evocations     | |  3.8

Action                   |  1- 3 |  4- 6 || total
-------------------------+-------+-------++-------
Melee: Short sword       |   121 |   120 ||   241
Evoke: Wand              |     2 |    12 ||    14
 Stab: Sleeping          |     4 |       ||     4
       Confused          |       |     1 ||     1
  Eat: Chunk             |     1 |     5 ||     6
Armor: Leather armour    |    20 |    33 ||    53
Dodge: Dodged            |    68 |    91 ||   159
